 Dungeon Crawl Stone Soup version 0.31-a0-521-gc7390f8997 (webtiles) character file.

Game seed: 17276207909322078423

191 Ofeo the Shooter (level 6, 0/46 HPs)
             Began as a Formicid Hunter on Aug 10, 2023.
             Slain by an adder (3 damage)
             ... in a sewer.
             The game lasted 00:02:13 (2190 turns).

Ofeo the Shooter (Formicid Hunter)                  Turns: 2190, Time: 00:02:14

Health: 0/46       AC:  5    Str: 15    XL:     6   Next: 1%
Magic:  6/6        EV: 11    Int:  9    God:
Gold:   80         SH:  0    Dex: 19    Spells: 5/5 levels left

rFire   . . .        a - +0 shortbow
rCold   . . .        (no shield)
rNeg    . . .        h - +0 ring mail
rPois   .            (helmet unavailable)
rElec   .            (no cloak)
rCorr   .            (no gloves)
SInv    +            (no boots)
Will    .....        (no amulet)
Stlth   +            (no ring)
HPRegen 0.27/turn    (no ring)
MPRegen 0.10/turn

%: no passive effects
@: lethally poisoned (0 -> -2), very slow
A: permanent stasis, dig shafts and tunnels, antennae 3, four strong arms
a: Dig


You were in a sewer.
You visited 1 branch of the dungeon, and saw 3 of its levels.
You also visited: Sewer.

You collected 160 gold pieces.
You spent 80 gold pieces at shops.

Inventory:

Hand Weapons
 a - a +0 shortbow (weapon)
Armour
 c - a +0 leather armour
 h - a +0 ring mail (worn)
Wands
 o - a wand of charming (9)
Scrolls
 b - a scroll of butterflies
 f - a scroll of teleportation {@r3}
 i - 2 scrolls of identify {@r1}
 l - a scroll of poison
 m - a scroll of immolation
Potions
 d - 3 potions of haste {unknown}
 e - 2 potions of brilliance
 g - a potion of curing {unknown}
 j - a potion of degeneration {unknown}
 k - a potion of might {unknown}
 n - a potion of lignification {unknown}


   Skills:
 - Level 2.5 Fighting
 + Level 6.4 Ranged Weapons
 - Level 2.0 Dodging
 - Level 1.8 Stealth


You had 5 spell levels left.
You didn't know any spells.
Your spell library was empty.

Dungeon Overview and Level Annotations

Branches:
Dungeon (3/15)              Sewer (1/1)

Altars:

Shops:
D:2 ?


Innate Abilities, Weirdness & Mutations

You cannot be hasted, slowed, berserked, paralysed or teleported.
You can dig through walls and to a lower floor.
You have a pair of large antennae on your head. (SInv)
Your four strong arms can wield two-handed weapons with a shield.


Message History

You are too injured to fight recklessly!
You are too injured to fight recklessly!
You are too injured to fight recklessly!
You shoot an arrow. The arrow closely misses the bullfrog.
The bullfrog barely misses you. The adder bites you but does no damage.
The frilled lizard barely misses you. The bullfrog closely misses you.
The frilled lizard bites you but does no damage.
The adder bites you.
You take 1 damage, and have 26/46 hp.
You shoot an arrow. The arrow misses the bullfrog.
The bullfrog hits you! The adder bites you.
You are poisoned.
The adder poisons you! The frilled lizard closely misses you.
The frilled lizard bites you.
You take 12 damage, and have 14/46 hp.
MASSIVE DAMAGE!!
You shoot an arrow.
The arrow hits the bullfrog but does no damage.
The bullfrog is moderately wounded.
You feel sick.
The bullfrog hits you but does no damage.
The adder barely misses you. The bullfrog hits you!
* * * LOW HITPOINT WARNING * * *
The frilled lizard bites you but does no damage.
The frilled lizard closely misses you. The adder bites you but does no damage.
You take 8 damage, and have 6/46 hp.
You shoot an arrow. The arrow closely misses the bullfrog.
* * * LOW HITPOINT WARNING * * *
You feel sick. The bullfrog closely misses you.
The adder completely misses you.
The frilled lizard bites you but does no damage.
The frilled lizard closely misses you. The bullfrog closely misses you.
You take 2 damage, and have 4/46 hp.
You shoot an arrow. The arrow hits the bullfrog.
The bullfrog is heavily wounded.
* * * LOW HITPOINT WARNING * * *
You feel sick. The adder bites you but does no damage. The bullfrog misses you.
The frilled lizard hisses.
The frilled lizard bites you but does no damage.
The frilled lizard barely misses you. The adder bites you.
You die...

#.################.~≈~~##~~.##
#.# #~~≈~†##~~~# #.#
#.~≈~~##.~~# #.# ######
#.~≈~.##~~.# #.#
#≈≈≈≈≈###.~≈~.##~~.# #†#
≈≈≈≈≈≈≈≈#.~≈~.##~~.# #.#
≈≈≈≈≈≈≈≈#.~≈~.##.~.# #.#
≈≈≈≈≈≈l≈~.~≈~.###~## #.#
≈≈≈≈≈≈F@≈.~≈~.# #.# #†#
≈≈~≈≈≈Sl≈.~≈~.# #.# #.#
≈~~.≈≈≈≈≈.~≈~.# #∩# #.#
≈~.?.≈≈≈≈~~≈~.# #.# #.#
≈.$)?~≈≈≈~~≈~.# #∩# #.#
≈≈??~~≈≈≈≈~≈~.# #.# #.#
≈≈~~.~.≈≈~≈≈~.# ### #.# {
≈..~~~~≈~≈~≈~.# #~# .≈~≈~≈~.#


You could see a bullfrog, an adder and 2 frilled lizards.

Vanquished Creatures
  A bullfrog (Sewer)
  6 adders
  2 worms
  A dart slug (D:2)
  An endoplasm (D:2)
  5 giant cockroaches
  4 goblins
  2 hobgoblins (D:1)
  2 jackals (D:2)
  5 kobolds
  5 quokkas
  12 ball pythons
  6 bats
  8 frilled lizards
  9 rats
69 creatures vanquished.

Notes
Turn   | Place    | Note
-------+----------+-------------------------------------------
     0 | D:1      | Ofeo the Formicid Hunter began the quest for the Orb.
     0 | D:1      | Reached XP level 1. HP: 16/16 MP: 1/1
   207 | D:1      | Reached XP level 2. HP: 23/23 MP: 2/2
   847 | D:2      | Reached XP level 3. HP: 28/28 MP: 3/3
  1234 | D:2      | Reached XP level 4. HP: 34/34 MP: 4/4
  1253 | D:2      | Reached skill level 5 in Ranged Weapons
  1290 | D:2      | Found Kokirugh's Magic Scroll Shop.
  1298 | D:2      | Bought a scroll of poison for 40 gold pieces
  1298 | D:2      | Bought a scroll of immolation for 40 gold pieces
  1363 | D:2      | Found a faded altar of an unknown god.
  1977 | D:3      | Found a glowing drain.
  1986 | Sewer    | Entered a sewer
  2035 | Sewer    | Reached XP level 5. HP: 39/39 MP: 5/5
  2175 | Sewer    | Noticed a bullfrog
  2176 | Sewer    | Noticed a bullfrog
  2179 | Sewer    | Killed a bullfrog
  2180 | Sewer    | Reached skill level 6 in Ranged Weapons
  2180 | Sewer    | Reached XP level 6. HP: 46/46 MP: 6/6
  2190 | Sewer    | Slain by an adder

Illustrated notes

Levels and vault maps discovered:
D:1:      dpeg_arrival_ratfight, layout_basic
D:2:      layout_basic, basic_ecumenical_altar, serial_shops, shop_statue,
          nicolae_kite_square_tiling_tiny
D:3:      layout_loops_ring, nicolae_yredelemnul_ghost_church,
          portal_sewer_entry_d
Sewer:    sewer_frog_island_01

Skill      XL: |  1  2  3  4  5 |
---------------+----------------+-----
Dodging        | 2 |  2.0
Ranged Weapons | 5 6 |  6.4
Fighting       | |  2.5
Stealth        | |  1.8

Action                     |  1- 3 |  4- 6 || total
---------------------------+-------+-------++-------
   Fire: Shortbow          |    86 |   122 ||   208
    Use: Scroll            |     4 |       ||     4
 Armour: Leather armour    |     7 |       ||     7
         Ring mail         |     7 |    36 ||    43
  Dodge: Dodged            |    22 |    58 ||    80

Table legend: (Time is in decaauts)
 A = Elapsed time spent in this place.
 B = Non-inter-level travel time spent in this place.
 C = Inter-level travel time spent in this place.
 D = Time resting spent in this place.
 E = Time spent auto-exploring this place.
 F = Levels seen in this place.
 G = Mean time per level.
                   A        B        C        D        E       F      G
               +--------+--------+--------+--------+--------+-----+--------+
         Total |   2262 |   2189 |     73 |      0 |   1728 |   4 |  565.5 |
       Dungeon |   2024 |   1951 |     73 |      0 |   1586 |   3 |  674.7 |
         Sewer |    237 |    237 |      0 |      0 |    142 |   1 |  237.0 |
               +--------+--------+--------+--------+--------+-----+--------+

Top non-repeatable levels by time:
     D:1: 847 daAuts
     D:2: 833 daAuts
     D:3: 343 daAuts
   Sewer: 237 daAuts
